 Dungeon Crawl Stone Soup version 0.21.1-1-g345015f (webtiles) character file.

19955 Dfrag the Destroyer (level 12, -18/88 HPs)
             Began as a Naga Conjurer on Feb 23, 2018.
             Was a High Priest of Vehumet.
             Shot with a bolt by a yaktaur captain (37 damage)
             ... on level 13 of the Dungeon.
             The game lasted 00:26:34 (13092 turns).

Dfrag the Destroyer (Naga Conjurer)                Turns: 13092, Time: 00:26:34

Health: -18/88     AC:  9    Str:  8    XL:     12   Next: 74%
Magic:  23/29      EV: 12    Int: 19    God:    Vehumet [*****.]
Gold:   888        SH:  5    Dex: 17    Spells: 17/37 levels left

rFire    . . .     SeeInvis +   u - +1 hand axe (chop)
rCold    + . .     Gourm    .   (no shield)
rNeg     . . .     Faith    .   y - +1 robe of the Hall of Blades {rElec rC+ Str-3 Dex+4} (curse)
rPois    +         Spirit   .   (helmet restricted)
rElec    +         Reflect  +   T - +1 cloak {rPois}
rCorr    .         Harm     .   o - +0 pair of gloves
MR       ++...                  (no barding)
Stlth    ++........             i - +5 amulet of reflection
HPRegen  0.24/turn              E - ring of protection from magic
MPRegen  0.21/turn              (no ring)

@: very slow
A: large, antennae 1, claws 1, repulsion field 1, see invisible, deformed body,
poison resistance, slowness 2, slow metabolism 1, spit poison 1, AC +4
a: Spit Poison, Renounce Religion


You were on level 13 of the Dungeon.
You worshipped Vehumet.
Vehumet was extremely pleased with you.
You were near starving.

You visited 1 branch of the dungeon, and saw 13 of its levels.
You also visited: Sewer.

You collected 1042 gold pieces.
You spent 154 gold pieces at shops.

Inventory:

Hand Weapons
 l - a +0 flail
 u - a +1 hand axe of chopping (weapon)
Armour
 o - a +0 pair of gloves (worn)
 y - the cursed +1 robe of the Hall of Blades (worn) {rElec rC+ Str-3 Dex+4}
   (You found it on level 4 of the Dungeon)

   It affects your strength (-3).
   It affects your dexterity (+4).
   It protects you from cold.
   It insulates you from electricity.
   It has a curse placed upon it.
 T - a +1 cloak of poison resistance (worn)
 Y - a +0 troll leather armour
Jewellery
 i - a +5 amulet of reflection (around neck)
 E - a ring of protection from magic (left hand)
 L - an uncursed ring of resist corrosion
Wands
 A - a wand of clouds (10)
 B - a wand of random effects (53)
 H - a wand of paralysis (20)
 P - a wand of digging (28)
 X - a wand of scattershot (5)
Scrolls
 d - 11 scrolls of remove curse
 g - 2 scrolls of fear
 m - 3 scrolls of blinking
 p - 6 scrolls of enchant armour
 s - 2 scrolls of amnesia
 v - a scroll of fog {unknown}
 w - 6 scrolls of teleportation
 C - a scroll of random uselessness
 K - 3 scrolls of magic mapping
 M - 2 scrolls of enchant weapon
 N - a scroll of holy word
 Q - a scroll of immolation
Potions
 a - 3 potions of agility {unknown}
 h - 3 potions of invisibility
 j - a potion of mutation
 k - 5 potions of heal wounds
 n - 6 potions of curing
 q - 5 potions of lignification {unknown}
 t - 2 potions of might {unknown}
 z - a potion of haste {unknown}
 G - 2 potions of magic {unknown}
 I - 2 potions of cancellation {unknown}
 J - 3 potions of ambrosia {unknown}
Books
 b - a book of Conjurations

   Spells                             Type                      Level
   a - Magic Dart                     Conjuration                  1
   b - Searing Ray                    Conjuration                  2
   c - Dazzling Spray                 Conjuration/Hexes            3
   d - Fulminant Prism                Conjuration/Hexes            4
   e - Force Lance                    Conjuration/Translocation    4
   f - Iskenderun's Mystic Blast      Conjuration                  4
 e - a Young Poisoner's Handbook

   Spells                             Type                      Level
   a - Sting                          Conjuration/Poison           1
   b - Poisonous Vapours              Poison/Air                   2
   c - Mephitic Cloud                 Conjuration/Poison/Air       3
   d - Olgreb's Toxic Radiance        Poison                       4
   e - Venom Bolt                     Conjuration/Poison           5
 f - a book of Cantrips

   Spells                             Type                      Level
   a - Confusing Touch                Hexes                        1
   b - Animate Skeleton               Necromancy                   1
   c - Summon Small Mammal            Summoning                    1
   d - Apportation                    Translocation                1
 x - a book of Minor Magic

   Spells                             Type                      Level
   a - Magic Dart                     Conjuration                  1
   b - Blink                          Translocation                2
   c - Call Imp                       Summoning                    2
   d - Slow                           Hexes                        2
   e - Conjure Flame                  Conjuration/Fire             3
   f - Mephitic Cloud                 Conjuration/Poison/Air       3
 F - a book of Necromancy

   Spells                             Type                      Level
   a - Pain                           Necromancy                   1
   b - Animate Skeleton               Necromancy                   1
   c - Vampiric Draining              Necromancy                   3
   d - Regeneration                   Charms/Necromancy            3
   e - Animate Dead                   Necromancy                   4
   f - Borgnjor's Vile Clutch         Necromancy/Earth             5
 O - a book of Misfortune

   Spells                             Type                      Level
   a - Confusing Touch                Hexes                        1
   b - Confuse                        Hexes                        3
   c - Gell's Gravitas                Translocation                3
   d - Petrify                        Transmutation/Earth          4
   e - Metabolic Englaciation         Hexes/Ice                    5
   f - Yara's Violent Unravelling     Hexes/Transmutation          5
 V - the Tome of Transmigration and Envenoming
   (You found it on level 11 of the Dungeon)

   Spells                             Type                      Level
   a - Beastly Appendage              Transmutation                1
   b - Poisonous Vapours              Poison/Air                   2
   c - Ignite Poison                  Fire/Transmutation/Poison    3
   d - Petrify                        Transmutation/Earth          4
   e - Irradiate                      Conjuration/Transmutation    5
   f - Alistair's Intoxication        Transmutation/Poison         5
Comestibles
 c - 24 rations


   Skills:
 - Level 1.5 Dodging
 - Level 3.0 Stealth
 + Level 13.3 Spellcasting
 + Level 14.6 Conjurations


You had 17 spell levels left.
You knew the following spells:

 Your Spells              Type           Power        Failure   Level  Hunger
a - Magic Dart            Conj           ####         0%          1    None
b - Searing Ray           Conj           ######       0%          2    None
c - Iskenderun's Mystic   Conj           ######..     1%          4    None
d - Force Lance           Conj/Tloc      #####...     1%          4    None
e - Blink                 Tloc           N/A          8%          2    None
f - Spellforged Servitor  Conj/Summ      #####.....   45%         7    #######


Dungeon Overview and Level Annotations

Branches:
Dungeon (13/15)            Temple (0/1) D:5            Lair (0/6) D:11
    Orc (0/2) D:12         Vaults (0/5) D:13

Altars:
Ashenzari
Cheibriados
Elyvilon
Fedhas
Hepliaklqana
Kikubaaqudgha
Makhleb
Nemelex Xobeh
Okawaru
Qazlal
Uskayaw
Vehumet
Wu Jian
Zin
Beogh

Shops:
D:4 !   D:6 =   D:7 (   D:12 [(


Innate Abilities, Weirdness & Mutations

You cannot wear boots.
Your serpentine skin is tough. (AC +4)
You have supernaturally acute eyesight. (SInv)
Armour fits poorly on your strangely shaped body.
Your system is resistant to poisons. (rPois)
You cover ground very slowly.
You have a slow metabolism.
You can spit poison.
You have a pair of small antennae on your head.
You have sharp fingernails.
You are surrounded by a mild repulsion field. (EV +2)


Message History

The searing ray hits the yaktaur captain.
The yaktaur captain is heavily wounded.
The searing ray hits the yaktaur captain.
The yaktaur captain is severely wounded.
The yaktaur captain shoots a bolt.
The bolt barely misses you.
The searing ray hits the yaktaur captain.
The yaktaur captain is almost dead.
You finish channeling your searing ray.
The yaktaur captain shoots a bolt.
The bolt hits you!!!
* * * LOW HITPOINT WARNING * * *
Casting: Searing Ray
Confirm with . or Enter, or press ? or * to list all spells.
Aiming: Searing Ray
Press: ? - help, Shift-Dir - straight line, f/p - yaktaur captain
Aim: a yaktaur captain, wielding an arbalest (almost dead)
The searing ray hits the yaktaur captain.
The yaktaur captain is almost dead. (Press . to maintain the ray.)
The yaktaur captain shoots a bolt.
The bolt hits you!!!
You die...

### ##8## ##...## #
#########8...8#
.8#8#8#8#8#8#8......#
..(c...@(........<..#
.8#8#8#8#8#8#8......#
# #########8...8#
##...## ##8## ###


You could see a yaktaur captain.

Vanquished Creatures
  4 two-headed ogres
  Sonja (D:11)
  An unseen horror (D:10)
  An ugly thing (D:12)
  A manticore (D:11)
  Maurice (D:11)
  4 centaur skeletons
  4 kobold demonologists (D:11)
  A troll (D:12)
  Grinder (D:3)
  A hornet (D:9)
  5 hippogriffs
  Sigmund (D:3)
  A human (D:12)
  15 yaks
  3 wraiths
  2 basilisks (D:11)
  Grum (D:9)
  A hungry ghost (D:9)
  4 vampire mosquitoes (D:12)
  Duvessa (D:6)
  An acid dragon (D:12)
  2 sky beasts
  4 ice beasts
  7 orc warriors
  3 phantoms
  3 wolves (D:9)
  5 centaurs
  7 ogres
  7 big kobolds
  5 bullfrogs
  2 scorpions
  Dowan (D:6)
  5 killer bees (D:12)
  5 howler monkeys
  2 bullfrog zombies
  6 crimson imps
  3 centaur zombies
  3 quasits
  A gnoll shaman (D:4)
  5 hounds
  10 orc wizards
  5 orc priests
  A bullfrog skeleton (D:12)
  3 jellies
  Terence (D:3)
  Jessica (D:2)
  Ijyb (D:3)
  Natasha (D:2)
  2 iguanas
  9 worker ants
  A worker ant zombie (D:5)
  20 adders
  9 gnolls
  3 shadow imps
  12 oozes
  2 adder zombies
  6 worms
  3 dart slugs (D:1)
  12 leopard geckos
  59 orcs
  8 bats
  16 giant cockroaches
  7 goblins
  10 hobgoblins
  21 jackals
  6 quokkas
  17 ball pythons
  19 frilled lizards
  19 kobolds
  A quokka skeleton (D:6)
  A quokka zombie (D:5)
  9 rats
426 creatures vanquished.

Vanquished Creatures (others)
  A centaur warrior (D:12)
1 creature vanquished.

Grand Total: 427 creatures vanquished

Notes
Turn   | Place    | Note
-------+----------+-------------------------------------------
     0 | D:1      | Dfrag the Naga Conjurer began the quest for the Orb.
     0 | D:1      | Reached XP level 1. HP: 15/15 MP: 3/3
    97 | D:1      | Reached XP level 2. HP: 17/22 MP: 1/5
   390 | D:1      | Reached XP level 3. HP: 23/28 MP: 4/6
   559 | D:1      | Learned a level 2 spell: Searing Ray
   681 | D:2      | Reached XP level 4. HP: 36/36 MP: 3/8
   745 | D:2      | Found a radiant altar of Vehumet.
   769 | D:2      | Became a worshipper of Vehumet
   780 | D:2      | Found a shattered altar of Ashenzari.
   820 | D:2      | Reached skill level 5 in Conjurations
   821 | D:2      | Found an ornate altar of the Wu Jian Council.
   877 | D:2      | Noticed Natasha
   886 | D:2      | Killed Natasha
   886 | D:2      | Reached XP level 5. HP: 35/42 MP: 4/10
   896 | D:2      | Noticed Jessica
   901 | D:2      | Killed Jessica
  1103 | D:3      | Noticed an ogre
  1230 | D:3      | Reached * piety under Vehumet
  1230 | D:3      | Offered knowledge of Sting by Vehumet.
  1385 | D:3      | Killed an ogre
  1385 | D:3      | Reached XP level 6. HP: 20/49 MP: 4/12
  1532 | D:3      | Noticed Ijyb
  1538 | D:3      | Killed Ijyb
  1538 | D:3      | Reached skill level 6 in Conjurations
  1549 | D:3      | Learned a level 4 spell: Iskenderun's Mystic Blast
  1554 | D:3      | Learned a level 4 spell: Force Lance
  1780 | D:3      | Found a blossoming altar of Fedhas.
  1796 | D:3      | Noticed Grinder
  1806 | D:3      | Killed Grinder
  1806 | D:3      | Reached skill level 5 in Spellcasting
  1806 | D:3      | Reached XP level 7. HP: 48/55 MP: 2/14
  1894 | D:3      | Noticed Sigmund
  1897 | D:3      | Noticed Terence
  1906 | D:3      | Killed Sigmund
  1906 | D:3      | Reached skill level 7 in Conjurations
  1911 | D:3      | Killed Terence
  2531 | D:4      | Got a slimy robe
  2542 | D:4      | Identified the cursed +1 robe of the Hall of Blades {rElec rC+ Str-3 Dex+4} (You found it on level 4 of the Dungeon)
  2669 | D:4      | Reached XP level 8. HP: 33/62 MP: 8/16
  2687 | D:4      | Found a white marble altar of Elyvilon.
  2836 | D:4      | Found a glowing drain.
  2852 | Sewer    | Entered a sewer
  2966 | Sewer    | Reached ** piety under Vehumet
  2966 | Sewer    | Offered knowledge of Throw Flame by Vehumet.
  3085 | Sewer    | Offered knowledge of Static Discharge by Vehumet.
  3142 | Sewer    | Reached *** piety under Vehumet
  3247 | D:4      | Reached skill level 8 in Conjurations
  3338 | D:4      | Found Toygitus's Distillery.
  3341 | D:4      | Bought a potion of mutation for 88 gold pieces
  3341 | D:4      | Bought a potion of heal wounds for 55 gold pieces
  3341 | D:4      | Bought a potion of degeneration for 11 gold pieces
  3345 | D:4      | Gained mutation: You are surrounded by a mild repulsion field. (EV +2) [potion of mutation]
  3345 | D:4      | Gained mutation: You have a pair of small antennae on your head. [potion of mutation]
  3345 | D:4      | Gained mutation: You have sharp fingernails. [potion of mutation]
  3555 | D:5      | Entered Level 5 of the Dungeon
  3555 | D:5      | Found Mepnel's Antique Armour Shoppe.
  3604 | D:4      | HP: 3/62 [poisoned by a worker ant]
  3611 | D:4      | HP: 3/62 [poisoned by a worker ant]
  3619 | D:4      | HP: 2/62 [poisoned by a worker ant]
  3974 | D:5      | Offered knowledge of Olgreb's Toxic Radiance by Vehumet.
  4279 | D:5      | Reached XP level 9. HP: 53/68 MP: 17/20
  4310 | D:5      | Found a stormy altar of Qazlal.
  4381 | D:5      | Found a snail-covered altar of Cheibriados.
  4419 | D:5      | Found a staircase to the Ecumenical Temple.
  4514 | D:6      | Found an ancient bone altar of Kikubaaqudgha.
  4566 | D:6      | Reached skill level 9 in Conjurations
  4568 | D:6      | Found Kihun's Jewellery Shop.
  4620 | D:6      | Noticed Dowan
  4621 | D:6      | Noticed Duvessa
  4629 | D:6      | Killed Dowan
  4634 | D:6      | Killed Duvessa
  4634 | D:6      | Reached **** piety under Vehumet
  5042 | D:6      | Offered knowledge of Yara's Violent Unravelling by Vehumet.
  5659 | D:7      | Found an iron altar of Okawaru.
  5691 | D:7      | Reached skill level 10 in Conjurations
  5955 | D:7      | Found Guyr's Weapon Emporium.
  6286 | D:8      | Reached XP level 10. HP: 75/75 MP: 18/23
  6289 | D:8      | Reached ***** piety under Vehumet
  6292 | D:8      | Offered knowledge of Conjure Ball Lightning by Vehumet.
  6350 | D:8      | Found a glowing silver altar of Zin.
  6357 | D:8      | Found a hide-covered altar of Uskayaw.
  6565 | D:8      | Found a sparkling altar of Nemelex Xobeh.
  6635 | D:8      | Reached skill level 11 in Conjurations
  6648 | D:8      | Learned a level 2 spell: Blink
  7204 | D:9      | Found a hazy altar of Hepliaklqana.
  7234 | D:9      | Reached skill level 10 in Spellcasting
  7257 | D:9      | Noticed Grum
  7264 | D:9      | Killed Grum
  7620 | D:9      | Found a burning altar of Makhleb.
  7620 | D:9      | Noticed a balrug
  7866 | D:9      | Noticed a two-headed ogre
  7877 | D:9      | Killed a two-headed ogre
  7877 | D:9      | Reached skill level 12 in Conjurations
  7877 | D:9      | Reached XP level 11. HP: 51/81 MP: 20/25
  8101 | D:10     | Entered Level 10 of the Dungeon
  8275 | D:10     | Noticed an unseen horror
  8283 | D:10     | Killed an unseen horror
  8533 | D:10     | Found an ancient bone altar of Kikubaaqudgha.
  8680 | D:10     | Found a roughly hewn altar of Beogh.
  9121 | D:11     | Noticed a soul eater
  9125 | D:11     | Noticed a soul eater
  9462 | D:11     | Noticed Sonja
  9465 | D:11     | Killed Sonja
  9488 | D:11     | Reached skill level 13 in Conjurations
  9490 | D:11     | Found a staircase to the Lair.
  9729 | D:11     | Offered knowledge of Airstrike by Vehumet.
  9879 | D:11     | Noticed a manticore
  9885 | D:12     | Noticed a centaur warrior
  9889 | D:11     | Identified the Tome of Transmigration and Envenoming
 10066 | D:11     | Noticed a two-headed ogre
 10074 | D:11     | Killed a two-headed ogre
 10514 | D:11     | Noticed Maurice
 10522 | D:11     | Killed Maurice
 10522 | D:11     | Reached XP level 12. HP: 88/88 MP: 12/28
 10833 | D:11     | HP: 1/88 [yak (7)]
 11409 | D:12     | Found Ohae's Weapon Boutique.
 11412 | D:12     | Found a staircase to the Orcish Mines.
 11413 | D:12     | Noticed a two-headed ogre
 11435 | D:12     | Killed a two-headed ogre
 11435 | D:12     | Reached skill level 14 in Conjurations
 11685 | D:12     | Found Leosihib's Armour Boutique.
 11856 | D:12     | Killed a centaur warrior
 11943 | D:12     | Offered knowledge of Spellforged Servitor by Vehumet.
 11952 | D:12     | Learned a level 7 spell: Spellforged Servitor
 12383 | D:12     | Noticed a two-headed ogre
 12388 | D:12     | Killed a two-headed ogre
 12932 | D:13     | Found a gate to the Vaults.
 12932 | D:13     | Noticed a two-headed ogre
 12932 | D:13     | Noticed a tengu warrior
 12932 | D:13     | Noticed a centaur warrior
 12935 | D:13     | Noticed a centaur warrior
 13085 | D:13     | Noticed a yaktaur captain
 13092 | D:13     | Shot with a bolt by a yaktaur captain

Skill      XL: |  1  2  3  4  5  6  7  8  9 10 11 12 |
---------------+-------------------------------------+-----
Spellcasting   | 3 4 5 7 9 10 12 13 | 13.3
Conjurations   | 5 6 7 8 10 12 13 14 | 14.6
Dodging        | |  1.5
Stealth        | |  3.0

Action                   |  1- 3 |  4- 6 |  7- 9 | 10-12 || total
-------------------------+-------+-------+-------+-------++-------
Melee: Unarmed           |    37 |       |       |       ||    37
       Flail             |       |    26 |       |       ||    26
       Hand axe          |       |       |   221 |    42 ||   263
 Cast: Magic Dart        |    31 |    57 |    55 |    70 ||   213
       Searing Ray       |     2 |     9 |    76 |   138 ||   225
       Iskenderun's Myst |       |       |       |    44 ||    44
       Force Lance       |       |       |       |     7 ||     7
       Blink             |       |       |       |     1 ||     1
 Abil: Spit Poison       |     3 |    20 |    14 |     8 ||    45
Evoke: Wand              |       |       |       |     2 ||     2
  Use: Potion            |       |       |     3 |       ||     3
       Scroll            |       |       |       |    15 ||    15
 Stab: Sleeping          |       |       |     4 |       ||     4
  Eat: Chunk             |       |     4 |    13 |    14 ||    31
       Ration            |       |       |       |     1 ||     1
Armor: Robe              |    21 |    19 |   150 |    94 ||   284
Dodge: Dodged            |    27 |    32 |   209 |   176 ||   444
Block: Other             |       |    16 |    93 |    78 ||   187
       Reflection        |       |     2 |     2 |     7 ||    11
